 Dungeon Crawl Stone Soup version 0.30-a0-1160-g6e42c06551 (webtiles) character file.

Game seed: 9082044213992097541

466 retardedninja the Firebug (level 7, -1/51 HPs)
             Began as a Gnoll Fire Elementalist on Apr 25, 2023.
             Shot with an arrow by a centaur (13 damage)
             ... on level 5 of the Dungeon.
             The game lasted 00:07:48 (6516 turns).

retardedninja the Firebug (Gnoll Fire Elementalist) Turns: 6516, Time: 00:07:48

Health: -1/51      AC:  3    Str:  8    XL:     7   Next: 8%
Magic:  12/15      EV: 13    Int: 16    God:
Gold:   190        SH:  0    Dex: 12    Spells: 14/17 levels left

rFire   . . .        r - +0 spear
rCold   . . .        (no shield)
rNeg    . . .        a - +0 robe
rPois   +            p - +0 helmet
rElec   .            (no cloak)
rCorr   .            (no gloves)
SInv    .            (no boots)
Will    .....        k - amulet of magic regeneration
Stlth   +++          h - ring of poison resistance
HPRegen 0.28/turn    (no ring)
MPRegen 0.54/turn

%: no passive effects
@: very slightly contaminated
A: fangs 1, strong nose, distributed training
a: no special abilities


You were on level 5 of the Dungeon.
You visited 2 branches of the dungeon, and saw 6 of its levels.

You collected 190 gold pieces.

Inventory:

Hand Weapons
 r - a +0 spear (weapon)
Armour
 a - a +0 robe (worn)
 j - the +0 pair of boots of Purpose {Will+ MP+9 Int-3}
   (You found it on level 2 of the Dungeon)

   Int:       It affects your intelligence (-3).
   MP:        It affects your magic capacity (+9).
   Will:      It increases your willpower.
 p - a +0 helmet (worn)
 s - a scarf of repulsion
 v - a scarf of invisibility
Jewellery
 h - a ring of poison resistance (left hand)
 k - an amulet of magic regeneration (around neck)
Wands
 o - a wand of digging (4)
Scrolls
 g - 2 scrolls of noise {unknown}
 m - a scroll of immolation {unknown}
 n - a scroll of teleportation {unknown}
 q - a scroll of enchant armour {unknown}
 u - a scroll of fog {unknown}
 y - a scroll of fear {unknown}
 A - a scroll of amnesia {unknown}
Potions
 b - a potion of magic
 c - 3 potions of attraction
 d - a potion of degeneration {unknown}
 f - 2 potions of brilliance
 i - a potion of heal wounds {unknown}
 l - a potion of haste
 t - a potion of ambrosia {unknown}
 w - a potion of cancellation {unknown}
 x - a potion of curing {unknown}
 z - 2 potions of flight
 B - a potion of mutation {unknown}


   Skills:
 + Level 2.3 Fighting
 + Level 2.3 Short Blades
 + Level 2.3 Long Blades
 + Level 2.3 Axes
 + Level 2.3 Maces & Flails
 + Level 2.3 Polearms
 + Level 2.3 Staves
 + Level 2.3 Ranged Weapons
 + Level 2.3 Throwing
 + Level 2.3 Armour
 + Level 5.2 Dodging
 + Level 4.8 Stealth
 + Level 2.3 Shields
 + Level 2.3 Unarmed Combat
 + Level 5.5 Spellcasting
 + Level 2.9 Conjurations
 + Level 1.9 Hexes
 + Level 1.9 Summonings
 + Level 1.9 Necromancy
 + Level 1.9 Translocations
 + Level 1.9 Transmutations
 + Level 5.8 Fire Magic
 + Level 1.9 Ice Magic
 + Level 1.9 Air Magic
 + Level 1.9 Earth Magic
 + Level 1.9 Poison Magic
 + Level 2.6 Invocations
 + Level 2.3 Evocations


You had 14 spell levels left.
You knew the following spells:

 Your Spells              Type           Power      Damage    Failure   Level
a - Foxfire               Conj/Fire      72%        2x1d7     2%          1
b - Scorch                Fire           46%        2d6       1%          2

Your spell library contained the following spells:

 Spells                   Type           Power      Damage    Failure   Level
 Freeze                   Ice            40%        1d6       7%          1
 Inner Flame              Hex/Fire       16%        N/A       9%          3
 Volatile Blastmotes      Fire/Tloc      32%        2d12      9%          3
 Sublimation of Blood     Necr           10%        N/A       10%         2
 Wereblood                Tmut           10%        N/A       10%         2
 Hailstorm                Conj/Ice       12%        3d5       16%         3
 Frozen Ramparts          Ice            20%        1d4       21%         3
 Ozocubu's Armour         Ice            10%        N/A       21%         3
 Flame Wave               Conj/Fire      18%        2d7       24%         4
 Ice Form                 Ice/Tmut       10%        N/A       54%         4
 Simulacrum               Ice/Necr       5%         N/A       100%        6
 Ozocubu's Refrigeration  Ice            5%         4d8       100%        7
 Summon Hydra             Summ           5%         N/A       100%        7


Dungeon Overview and Level Annotations

Branches:
Dungeon (5/15)             Temple (1/1) D:4

Altars:
Elyvilon
Hepliaklqana
Kikubaaqudgha
Makhleb
Nemelex Xobeh
Okawaru
Qazlal
Uskayaw
Vehumet
Wu Jian
Yredelemnul


Innate Abilities, Weirdness & Mutations

You have very sharp teeth.
Your uncanny sense of smell can sniff out nearby items.
Your experience applies equally to all skills.


Message History

Done waiting.
You start waiting.
Done waiting.
You climb downwards.
There is a stone staircase leading up, spattered with blood here.
The centaur shoots an arrow.
The arrow hits you!
You climb upwards.
There is a stone staircase leading down, spattered with blood here.
You start resting.
HP restored.
You start waiting.
Done waiting.
You climb downwards.
The centaur shoots an arrow.
The arrow hits you!
There is a stone staircase leading up, spattered with blood here.
You conjure some foxfire!
The foxfire hits the centaur.
The centaur is lightly wounded.
The foxfire hits the centaur.
The centaur is moderately wounded.
You conjure some foxfire!
The centaur shoots an arrow.
The arrow hits you.
The foxfire hits the centaur but does no damage.
The centaur is moderately wounded.
The foxfire hits the centaur.
The centaur is moderately wounded.
The centaur shoots an arrow.
The arrow hits you! The orc wizard casts a spell at you.
You resist with some effort.
The centaur shoots an arrow.
The arrow hits you!
Casting: Foxfire (safe; 2% risk of failure)
Confirm with . or Enter, or press ? or * to list all spells.
Flames lash the centaur.
The centaur is severely wounded.
The centaur's fire resistance burns away.
The centaur shoots an arrow.
The arrow hits you.
* * * LOW HITPOINT WARNING * * *
Casting: Scorch (safe; 1% risk of failure)
Confirm with . or Enter, or press ? or * to list all spells.
You miscast Scorch.
You are very lightly contaminated with residual magic.
Nothing appears to happen.
The centaur shoots an arrow.
The arrow hits you!
You die...

#..... #.#...≈≈≈§≈§≈
#........##.......§#..
....#..# #.....#..... .
##....#####...###....
..#........#...........
.......##..............
#....................
##...................
##........c.@.......
###................
##...............#
#...............##
##........o.....#
##...........###
#............# ###
#.###.......## #
....!#..##.......#


You could see a centaur (combustible) and an orc wizard.

Vanquished Creatures
  A water moccasin (D:5)
  A black bear (D:5)
  A jelly (D:5)
  A hound (D:5)
  An iguana (D:5)
  Robin (D:2)
  2 gnolls (D:1)
  5 adders
  A shadow imp (D:4)
  An ufetubus (D:3)
  A worm (D:4)
  2 dart slugs
  3 orcs
  10 bats
  3 endoplasms
  6 giant cockroaches
  16 goblins
  12 hobgoblins
  6 kobolds
  3 quokkas
  7 ball pythons
  3 frilled lizards (D:2)
  4 rats
  A spectral orc (D:4)
92 creatures vanquished.

Vanquished Creatures (others)
  379 foxfires
379 creatures vanquished.

Grand Total: 471 creatures vanquished

Notes
Turn   | Place    | Note
-------+----------+-------------------------------------------
     0 | D:1      | retardedninja the Gnoll Fire Elementalist began the quest
                  | for the Orb.
     0 | D:1      | Reached XP level 1. HP: 13/13 MP: 6/6
   230 | D:1      | Reached XP level 2. HP: 19/19 MP: 2/7
   580 | D:1      | Reached skill level 5 in Spellcasting
   580 | D:1      | Reached XP level 3. HP: 22/25 MP: 2/9
   707 | D:1      | Found a faded altar of an unknown god.
   851 | D:1      | Reached skill level 1 in Invocations
  1352 | D:2      | Reached skill level 1 in Fighting
  1352 | D:2      | Reached skill level 1 in Short Blades
  1352 | D:2      | Reached skill level 1 in Long Blades
  1352 | D:2      | Reached skill level 1 in Axes
  1352 | D:2      | Reached skill level 1 in Maces & Flails
  1352 | D:2      | Reached skill level 1 in Polearms
  1352 | D:2      | Reached skill level 1 in Staves
  1352 | D:2      | Reached skill level 1 in Ranged Weapons
  1352 | D:2      | Reached skill level 1 in Throwing
  1352 | D:2      | Reached skill level 1 in Armour
  1352 | D:2      | Reached skill level 1 in Shields
  1352 | D:2      | Reached skill level 1 in Unarmed Combat
  1352 | D:2      | Reached skill level 1 in Evocations
  1653 | D:2      | Identified the +0 pair of boots of Purpose {Will+ MP+9
                  | Int-3}
  1716 | D:2      | Noticed Robin
  1792 | D:3      | Learned a level 2 spell: Scorch
  1793 | D:3      | Reached XP level 4. HP: 32/32 MP: 8/11
  2305 | D:2      | Reached skill level 1 in Hexes
  2305 | D:2      | Reached skill level 1 in Summonings
  2305 | D:2      | Reached skill level 1 in Necromancy
  2305 | D:2      | Reached skill level 1 in Translocations
  2305 | D:2      | Reached skill level 1 in Transmutations
  2305 | D:2      | Reached skill level 1 in Ice Magic
  2305 | D:2      | Reached skill level 1 in Air Magic
  2305 | D:2      | Reached skill level 1 in Earth Magic
  2305 | D:2      | Reached skill level 1 in Poison Magic
  2821 | D:2      | Killed Robin
  2822 | D:2      | Reached XP level 5. HP: 37/37 MP: 1/12
  4215 | D:4      | Found a staircase to the Ecumenical Temple.
  4234 | Temple   | Entered the Ecumenical Temple
  4719 | D:4      | Found a basalt altar of Yredelemnul.
  5041 | D:5      | Entered Level 5 of the Dungeon
  5163 | D:5      | Found a white marble altar of Elyvilon.
  5264 | D:5      | Reached XP level 6. HP: 44/44 MP: 14/14
  5265 | D:5      | Noticed a black bear
  5275 | D:5      | Killed a black bear
  5276 | D:5      | Reached skill level 5 in Dodging
  5340 | D:5      | Noticed a water moccasin
  5348 | D:5      | Killed a water moccasin
  5349 | D:5      | Reached XP level 7. HP: 42/51 MP: 9/15
  6516 | D:5      | Shot with an arrow by a centaur

Illustrated notes

Levels and vault maps discovered:
D:1:      dpeg_arrival_rhombus, layout_loops_ring,
          chequers_ecumenical_altar_island, minmay_ruptured
D:2:      layout_basic, minmay_crystal_room, due_unseen_surprise, uniq_robin
D:3:      layout_basic
D:4:      minmay_door_path, layout_loops_corners,
          yredelemnul_forgotten_temple_becter, minmay_temple_entry_poolview,
          amcnicky_mini_pool_small
D:5:      minmay_evil_eye, layout_cave_pools, lightli_temple_of_fire,
          mainiacjoe_overflow_boulevard, lemuel_blue_sif_altar,
          minmay_fountain_box
Temple:   nicolae_temple_cloud_nine

Skill      XL: |  1  2  3  4  5  6 |
---------------+-------------------+-----
Conjurations   | 2 |  2.9
Spellcasting   | 5 |  5.5
Invocations    | 1 2 |  2.6
Fighting       | 1 2 |  2.3
Short Blades   | 1 2 |  2.3
Long Blades    | 1 2 |  2.3
Axes           | 1 2 |  2.3
Maces & Flails | 1 2 |  2.3
Polearms       | 1 2 |  2.3
Staves         | 1 2 |  2.3
Ranged Weapons | 1 2 |  2.3
Throwing       | 1 2 |  2.3
Armour         | 1 2 |  2.3
Shields        | 1 2 |  2.3
Unarmed Combat | 1 2 |  2.3
Evocations     | 1 2 |  2.3
Hexes          | 1 |  1.9
Summonings     | 1 |  1.9
Necromancy     | 1 |  1.9
Translocations | 1 |  1.9
Transmutations | 1 |  1.9
Ice Magic      | 1 |  1.9
Air Magic      | 1 |  1.9
Earth Magic    | 1 |  1.9
Poison Magic   | 1 |  1.9
Dodging        | 5 |  5.2
Stealth        | |  4.8
Fire Magic     | |  5.8

Action                     |  1- 3 |  4- 6 |  7- 9 || total
---------------------------+-------+-------+-------++-------
  Melee: Unarmed           |    10 |    11 |       ||    21
         Bite              |     1 |     1 |     3 ||     5
         Spear             |       |     2 |    15 ||    17
         Punch             |       |       |     1 ||     1
   Cast: Foxfire           |   105 |   154 |     6 ||   265
         Scorch            |     1 |    12 |     2 ||    15
    Use: Scroll            |       |     4 |       ||     4
         Potion            |       |       |     1 ||     1
 Armour: Robe              |    10 |    14 |     3 ||    27
  Dodge: Dodged            |    51 |    64 |    21 ||   136

Table legend: (Time is in decaauts)
 A = Elapsed time spent in this place.
 B = Non-inter-level travel time spent in this place.
 C = Inter-level travel time spent in this place.
 D = Time resting spent in this place.
 E = Time spent auto-exploring this place.
 F = Levels seen in this place.
 G = Mean time per level.
                   A        B        C        D        E       F      G
               +--------+--------+--------+--------+--------+-----+--------+
         Total |   6502 |   6403 |     99 |   1119 |   4352 |   6 | 1083.7 |
       Dungeon |   6457 |   6358 |     99 |   1119 |   4316 |   5 | 1291.4 |
        Temple |     44 |     44 |      0 |      0 |     36 |   1 |   44.0 |
               +--------+--------+--------+--------+--------+-----+--------+

Top non-repeatable levels by time:
     D:4: 2257 daAuts
     D:2: 1625 daAuts
     D:1: 1351 daAuts
     D:3: 881 daAuts
     D:5: 342 daAuts
  Temple: 44 daAuts
